 Dungeon Crawl Stone Soup version 0.18-a0-1521-g59d19af (webtiles) character file.

403 Wallaby3 the Digger (level 7, -5/46 HPs)
             Began as a Formicid Earth Elementalist on Mar 7, 2016.
             Killed by divine providence
             ... invoked by an orc priest
              (14 damage)
             ... on level 4 of the Dungeon.
             The game lasted 00:12:05 (2496 turns).

Wallaby3 the Digger (Formicid Earth Elementalist)   Turns: 2496, Time: 00:12:05

Health: -5/46      AC: -1    Str: 12    XL:     7   Next: 11%
Magic:  1/14       EV: 12    Int: 17    God:
Gold:   151        SH:  0    Dex: 11    Spells: 3 memorised, 10 levels left

rFire  . . .     SeeInvis +     b - 18 stones
rCold  . . .     Gourm    .     a - +0 robe
rNeg   . . .     Faith    .     (no shield)
rPois  .         Spirit   .     (helmet unavailable)
rElec  .         Dismiss  .     (no cloak)
rCorr  .         Reflect  .     (no gloves)
SustAt .         Harm     .     (no boots)
MR     .....                    (no amulet)
Stlth  ++........               t - ring of flight
                                s - -3 ring of protection (curse)

@: very slightly contaminated, drained, not resistant to hostile enchantments,
unstealthy
A: permanent stasis, dig shafts and tunnels, four strong arms, antennae 3
a: Dig, Shaft Self, Evoke Flight


You were on level 4 of the Dungeon.
You were not hungry.

You visited 1 branch of the dungeon, and saw 4 of its levels.

You collected 151 gold pieces.

Inventory:

Hand Weapons
 f - a +3 dagger of speed
 w - a +2 hand axe of chopping
Missiles
 b - 18 stones (in hand)
 j - 25 poisoned needles
Armour
 a - a +0 robe (worn)
 h - a +0 ring mail
Jewellery
 s - a cursed -3 ring of protection (left hand)
 t - a ring of flight (right hand)
Wands
 n - a wand of slowing (23/48)
Scrolls
 i - a scroll of teleportation
 r - a scroll of enchant armour {unknown}
 v - a scroll of amnesia
Potions
 e - a potion of might {unknown}
 l - 2 potions of heal wounds {unknown}
 m - 4 potions of curing {unknown}
 p - a potion of brilliance {unknown}
 q - 2 potions of invisibility {unknown}
Books
 c - a book of Geomancy

   Spells                             Type                      Level
   a - Sandblast                      Earth                        1
   b - Passwall                       Transmutation/Earth          2
   c - Stone Arrow                    Conjuration/Earth            3
   d - Petrify                        Transmutation/Earth          4
   e - Lee's Rapid Deconstruction     Earth                        5
 u - a book of Transfigurations

   Spells                             Type                      Level
   a - Irradiate                      Conjuration/Transmutation    5
   b - Statue Form                    Transmutation/Earth          6
   c - Hydra Form                     Transmutation                6
   d - Dragon Form                    Transmutation                7
Comestibles
 d - 3 bread rations
 g - 3 chunks of flesh
 k - 2 fruits
 o - a meat ration


   Skills:
 - Level 1.7(1.4) Dodging
 - Level 2.4(2.1) Stealth
 + Level 5.0(4.7) Spellcasting
 + Level 4.4(4.1) Transmutations
 - Level 5.0(4.6) Earth Magic


You had 10 spell levels left.
You knew the following spells:

 Your Spells              Type           Power        Failure   Level  Hunger
a - Sandblast             Erth           ###...       2%          1    None
b - Passwall              Trmt/Erth      ###.......   3%          2    #......
c - Stone Arrow           Conj/Erth      ##....       17%         3    ###....


Dungeon Overview and Level Annotations

Branches:
Dungeon (5/15)
 Temple: D:4-7

Altars:
Nemelex Xobeh

Annotations:
D:4 Guenter's ghost, novice FoFi


Innate Abilities, Weirdness & Mutations

You are under a permanent stasis effect.
You can dig through walls and to a lower floor.
Your four strong arms can wield two-handed weapons with a shield.
You have a pair of large antennae on your head (SInv).


Message History

The orc wizard shouts!
The orc priest hits you with a dagger! The iguana closely misses you.
An orc comes into view. It is wielding a flail of protection.
There is a stone staircase leading down here.
The orc priest hits you with a dagger. The iguana bites you!
You climb downwards.
An adder and 2 gnolls come into view.
Found a bread ration and a leather armour.
Found a stone staircase leading down.
There is a stone staircase leading up here.
The orc priest hits you with a dagger.
* * * LOW HITPOINT WARNING * * *
The iguana bites you.
* * * LOW HITPOINT WARNING * * *
You climb upwards.
Level annotation: Guenter's ghost, novice FoFi
There is a stone staircase leading down here.
The orc priest mumbles some strange prayers to Beogh against you.
Beogh smites you!
You die...

o.. .# .... #.# ....... ..
.....#### #.# #...........#
....{.o.###.###............
.....##)..................
..........÷................
...<..†.oo................
.........>...............##
........l.@..............?.
#...........#..............
#...........##.............
#...........#..............
........#.###..............
####.####.# #.............>
## ..# #.............. #.#
#...........### ..
##..........#


You could see an iguana, an orc priest, an orc wizard and an orc.

Vanquished Creatures
  Sigmund (D:2)
  A howler monkey (D:4)
  2 iguanas (D:4)
  A worker ant (D:4)
  7 adders
  3 worms (D:2)
  2 dart slugs
  3 giant geckos
  7 orcs (D:4)
  6 bats
  3 giant cockroaches
  5 goblins
  5 hobgoblins
  6 jackals
  2 kobolds
  A quokka (D:2)
  2 ball pythons (D:2)
  A giant newt (D:2)
  5 rats
63 creatures vanquished.

Notes
Turn   | Place    | Note
--------------------------------------------------------------
     0 | D:1      | Wallaby3 the Formicid Earth Elementalist began the quest for the Orb.
     0 | D:1      | Reached XP level 1. HP: 13/13 MP: 3/3
     3 | D:1      | Noticed a minotaur skeleton
     5 | D:1      | Noticed a minotaur skeleton
    15 | D:1      | Noticed a minotaur skeleton
   217 | D:1      | Reached XP level 2. HP: 13/19 MP: 5/5
   562 | D:1      | Reached XP level 3. HP: 22/24 MP: 6/6
   827 | D:1      | Reached skill level 5 in Earth Magic
  1015 | D:2      | Learned a level 2 spell: Passwall
  1019 | D:2      | Learned a level 3 spell: Stone Arrow
  1062 | D:2      | Reached XP level 4. HP: 27/30 MP: 0/8
  1201 | D:2      | Noticed Sigmund
  1218 | D:2      | Killed Sigmund
  1218 | D:2      | Reached XP level 5. HP: 17/35 MP: 4/11
  1218 | D:2      | Reached XP level 6. HP: 19/41 MP: 4/12
  2059 | D:2      | You fall through a shaft for 2 floors!
  2064 | D:4      | Found a sparkling altar of Nemelex Xobeh.
  2132 | D:4      | Noticed Guenter's ghost (novice FoFi)
  2466 | D:4      | Reached XP level 7. HP: 41/46 MP: 11/14
  2480 | D:4      | Reached skill level 5 in Spellcasting
  2493 | D:5      | Entered Level 5 of the Dungeon
  2496 | D:4      | Killed from afar by an orc priest

Vault maps used:
D:1:      shiori_arrival_whats_in_store_for_you, grunt_decor_fettered
D:2:      uniq_sigmund
D:4:      temple_green, nemelex_xobeh_ov_fountains_minmay
D:5:      first_bread, kennysheep_generic_room_8

Skill      XL: |  1  2  3  4  5  6  7 |
---------------+----------------------+-----
Earth Magic    | 4 5 |  5.0
Spellcasting   | 3 4 5 |  5.0
Transmutations | 3 4 |  4.4
Dodging        | |  1.7
Stealth        | |  2.4

Action                   |  1- 3 |  4- 6 |  7- 9 || total
-------------------------+-------+-------+-------++-------
Melee: Dagger            |    69 |    79 |       ||   148
 Cast: Sandblast         |     7 |    30 |    14 ||    51
  Use: Scroll            |       |     4 |       ||     4
 Stab: Sleeping          |     4 |     1 |       ||     5
  Eat: Chunk             |       |     5 |       ||     5
